 Dungeon Crawl Stone Soup version 0.17.1-3-g152610e (webtiles) character file.

431 Rationalist the Skirmisher (level 6, -3/75 HPs)
             Began as a Demonspawn Berserker on Feb 28, 2016.
             Was a Priest of Trog.
             Slain by Robin
             ... wielding a +0 trident
              (7 damage)
             ... on level 4 of the Dungeon.
             The game lasted 00:05:25 (3181 turns).

Rationalist the Skirmisher (Demonspawn Berserker)   Turns: 3181, Time: 00:05:25

Health: -3/75      AC:  2    Str: 22      XL:     6   Next: 66%
Magic:  6/6        EV: 14    Int:  9      God:    Trog [***...]
Gold:   163        SH:  0    Dex: 13 (14) Spells: 0 memorised, 5 levels left

rFire  . . .     SeeInvis .     a - +0 hand axe
rCold  + . .     Clarity  .     b - +0 animal skin
rNeg   . . .     SustAt   .     (no shield)
rPois  .         Gourm    .     (helmet restricted)
rElec  .         Spirit   .     (no cloak)
rCorr  .         Warding  .     (no gloves)
rMut   .         Rnd*Tele +     (no boots)
MR     ++...                    (no amulet)
Stlth  ..........               (no ring)
                                d - ring of teleportation (curse)

@: berserking, lethally poisoned (-3 -> -3), regenerating, very quick, very
resistant to hostile enchantments, extremely unstealthy
A: antennae 1, blurry vision 1, cold resistance 1, regeneration 1, spiny 1
a: Berserk, Trog's Hand, Burn Spellbooks, Renounce Religion, Evoke Teleportation


You were on level 4 of the Dungeon.
You worshipped Trog.
Trog was most pleased with you.
You were hungry.

You visited 1 branch of the dungeon, and saw 4 of its levels.

You collected 163 gold pieces.

Inventory:

Hand Weapons
 a - a +0 hand axe (weapon)
Missiles
 l - 14 sling bullets
 m - 14 bolts
Armour
 b - a +0 animal skin (worn)
Jewellery
 d - a cursed ring of teleportation (left hand)
Wands
 q - a wand of flame (19)
Scrolls
 g - 2 scrolls of magic mapping {unknown}
 i - a scroll of identify
 j - 2 scrolls of blinking {unknown}
 k - 2 scrolls of immolation {unknown}
 o - a scroll of recharging {unknown}
 t - a scroll of teleportation {unknown}
Potions
 h - a potion of lignification {unknown}
 n - 2 potions of curing
 p - a potion of heal wounds
 r - a potion of brilliance {unknown}
 u - a potion of resistance
 v - a potion of flight
Books
 e - a book of Death

   Spells                             Type                      Level
   a - Corpse Rot                     Necromancy                   2
   b - Sublimation of Blood           Necromancy                   2
   c - Agony                          Necromancy                   5
   d - Dispel Undead                  Necromancy                   5
   e - Excruciating Wounds            Charms/Necromancy            5
   f - Bolt of Draining               Conjuration/Necromancy       5
   Trog disapproves of the use of such an item.
Comestibles
 c - 3 bread rations
 f - 6 chunks of flesh
 s - a meat ration
 w - a beef jerky


   Skills:
 + Level 4.8 Fighting
 + Level 3.6 Axes
 + Level 2.0 Armour
 + Level 4.4 Dodging
 + Level 1.7 Stealth


You had 5 spell levels left.
You didn't know any spells.

Dungeon Overview and Level Annotations

Branches:
Dungeon (4/15)
 Temple: D:4-7

Altars:
The Shining One

Annotations:
D:4 Edmund, Eustachio, Robin


Innate Abilities, Weirdness & Mutations

You have a pair of small antennae on your head.
You are partially covered in sharp spines.
Scrolls take you a little longer to read.
Your flesh is cold resistant.
Your natural rate of healing is unusually fast.


Message History

* * * LOW HITPOINT WARNING * * *
You closely miss Eustachio.
Eustachio is almost dead.
You closely miss the quasit.
The quasit is almost dead.
You barely miss the goblin.
The goblin is severely wounded.
You feel sick. Something hits you.
* * * LOW HITPOINT WARNING * * *
The quasit is struck by your spines.
You kill the quasit!
You miss Eustachio.
Eustachio is almost dead.
You closely miss the goblin.
The goblin is severely wounded.
You feel the effects of Trog's Hand fading.
You feel sick.
Eustachio mumbles some strange words.
Eustachio blinks!
The goblin hits you but does no damage. Something hits you!
You die...

#.# #.. #.# . ...# #.# ..
#..# #.# ... ...# #.# ..
...# #.# #.####..#
#.###.#....#.......#
..............†g))####...
#.###.#...###.##@){.....#
..#.# #.....@)#......
....# #.....†)# ##..#
....# #.#.#...# .. .#..#
# #.#...# ....# . #...#
....# . #.#...# ....# ##
.....### ....# ........


You could see Eustachio and a goblin.

Vanquished Creatures
  A phantom (D:4)
  Crazy Yiuf (D:3)
  Ijyb (D:3)
  3 orc wizards
  A hound (D:4)
  A gnoll (D:1)
  7 adders
  2 worms
  6 giant geckos
  12 orcs
  2 giant cockroaches (D:3)
  12 goblins
  11 hobgoblins
  2 quokkas
  9 bats
  2 giant newts (D:1)
  3 kobolds
  9 rats
85 creatures vanquished.

Notes
Turn   | Place    | Note
--------------------------------------------------------------
     0 | D:1      | Rationalist the Demonspawn Berserker began the quest for the Orb.
     0 | D:1      | Reached XP level 1. HP: 18/18 MP: 1/1
   127 | D:1      | Gained mutation: You are partially covered in sharp spines. [demonic ancestry]
   127 | D:1      | Reached XP level 2. HP: 24/24 MP: 2/2
   424 | D:1      | You fall through a shaft!
   533 | D:1      | Reached XP level 3. HP: 29/29 MP: 3/3
   806 | D:1      | Reached ** piety under Trog
  1158 | D:1      | You fall through a shaft!
  1502 | D:2      | Found a glowing golden altar of the Shining One.
  1583 | D:2      | Reached skill level 4 in Fighting
  1908 | D:3      | Gained mutation: You have a pair of small antennae on your head. [demonic ancestry]
  1908 | D:3      | Reached XP level 4. HP: 37/37 MP: 4/4
  2091 | D:3      | Noticed Ijyb
  2102 | D:3      | Killed Ijyb
  2102 | D:3      | Reached XP level 5. HP: 14/43 MP: 5/5
  2679 | D:3      | Reached *** piety under Trog
  2863 | D:3      | Noticed Crazy Yiuf
  2869 | D:3      | Killed Crazy Yiuf
  3009 | D:3      | Gained mutation: Your natural rate of healing is unusually fast. [potion of mutation]
  3009 | D:3      | Gained mutation: Scrolls take you a little longer to read. [potion of mutation]
  3009 | D:3      | Gained mutation: Your flesh is cold resistant. [potion of mutation]
  3019 | D:4      | Noticed a phantom
  3028 | D:4      | Reached skill level 1 in Stealth
  3048 | D:4      | Killed a phantom
  3048 | D:4      | Reached XP level 6. HP: 25/49 MP: 6/6
  3139 | D:4      | Noticed Edmund
  3160 | D:4      | Noticed Robin
  3161 | D:4      | Noticed Eustachio
  3181 | D:4      | Slain by Robin

Action                   |  1- 3 |  4- 6 || total
-------------------------+-------+-------++-------
Melee: Hand axe          |    53 |    99 ||   152
Invok: Berserk           |     1 |     3 ||     4
       Trog's Hand       |       |     1 ||     1
  Use: Potion            |       |     4 ||     4
       Scroll            |       |     3 ||     3
  Eat: Fruit             |     4 |       ||     4
       Chunk             |     1 |     5 ||     6
       Beef jerky        |     1 |       ||     1
